 Dungeon Crawl Stone Soup version 0.20-a0-303-g575bbf7 (webtiles) character file.

255 Junicave the Digger (level 6, 0/34 HPs)
             Began as a Gargoyle Earth Elementalist on Dec 17, 2016.
             Killed from afar by an orc wizard (6 damage)
             ... with a magic dart
             ... on level 4 of the Dungeon.
             The game lasted 00:12:45 (4589 turns).

Junicave the Digger (Gargoyle Earth Elementalist)   Turns: 4589, Time: 00:12:46

Health: 0/34       AC:  7    Str: 11    XL:     6   Next: 15%
Magic:  0/11       EV: 12    Int: 18    God:
Gold:   132        SH:  0    Dex: 10    Spells: 5/12 levels left

rFire  . . .     SeeInvis .     o - +1 mace (holy)
rCold  . . .     Gourm    .     q - +0 leather armour
rNeg   + . .     Faith    .     (no shield)
rPois  ∞         Spirit   .     (no helmet)
rElec  +         Reflect  .     (no cloak)
rCorr  .         Harm     .     (no gloves)
MR     .....                    (no boots)
Stlth  ++........               (no amulet)
                                (no ring)
                                (no ring)

@: very slightly contaminated
A: negative energy resistance 1, electricity resistance, unbreathing,
petrification resistance, rot immunity, AC +4
a: no special abilities


You were on level 4 of the Dungeon.
You were hungry.

You visited 1 branch of the dungeon, and saw 4 of its levels.

You collected 132 gold pieces.

Inventory:

Hand Weapons
 f - a +1 dagger of flaming
 k - a +0 whip
 o - a +1 mace of holy wrath (weapon)
Missiles
 b - 107 stones (quivered)
Armour
 c - a +0 robe
 q - a +0 leather armour (worn)
 x - a +0 pair of boots
Scrolls
 a - a scroll of enchant weapon {unknown}
 h - a scroll of remove curse {unknown}
 i - 2 scrolls of teleportation {unknown}
 m - a scroll of blinking {unknown}
 t - a scroll of random uselessness {unknown}
 u - 2 scrolls of amnesia {unknown}
 v - a scroll of magic mapping {unknown}
Potions
 g - 3 potions of might {unknown}
 l - 5 potions of curing {unknown}
 n - 2 potions of agility {unknown}
 p - a potion of beneficial mutation {unknown}
 s - a potion of cure mutation {unknown}
 w - a potion of berserk rage {unknown}
Books
 e - a book of Geomancy

   Spells                             Type                      Level
   a - Sandblast                      Earth                        1
   b - Passwall                       Transmutation/Earth          2
   c - Stone Arrow                    Conjuration/Earth            3
   d - Petrify                        Transmutation/Earth          4
   e - Lee's Rapid Deconstruction     Earth                        5
 y - a book of Minor Magic

   Spells                             Type                      Level
   a - Magic Dart                     Conjuration                  1
   b - Blink                          Translocation                2
   c - Call Imp                       Summoning                    2
   d - Repel Missiles                 Charms/Air                   2
   e - Slow                           Hexes                        2
   f - Conjure Flame                  Conjuration/Fire             3
   g - Mephitic Cloud                 Conjuration/Poison/Air       3
Comestibles
 d - 3 bread rations
 j - 3 meat rations


   Skills:
 + Level 1.2 Fighting
 + Level 1.0 Maces & Flails
 + Level 1.5 Armour
 + Level 2.3 Dodging
 - Level 2.1 Stealth
 * Level 3.8 Spellcasting
 + Level 1.6 Conjurations
   Level 0.7 Transmutations
 + Level 0.0 Fire Magic
 + Level 4.6 Earth Magic


You had 5 spell levels left.
You knew the following spells:

 Your Spells              Type           Power        Failure   Level  Hunger
a - Sandblast             Erth           ###...       2%          1    None
b - Stone Arrow           Conj/Erth      ##....       17%         3    ###....
c - Conjure Flame         Conj/Fire      #.......     47%         3    ###....


Dungeon Overview and Level Annotations

Branches:
Dungeon (4/15)
 Temple: D:4-7

Altars:
The Shining One


Innate Abilities, Weirdness & Mutations

You are resistant to torment.
Your stone body is resilient. (AC +4)
You are immune to poison.
You resist negative energy. (rN+)
You are resistant to electric shocks. (rElec)
You can survive without breathing.
You are immune to petrification.
You are immune to rotting.


Message History

Aim: an orc wizard, wielding a dagger and wearing a robe (heavily wounded, fast)
The blast of sand hits the orc wizard.
The orc wizard is severely wounded.
The orc wizard hits you but does no damage.
The orc wizard casts a spell.
The orc wizard blinks!
The orc wizard hits you but does no damage.
You hit the orc wizard.
The orc wizard is almost dead.
The orc wizard mumbles some strange words.
The orc wizard flickers and vanishes!
Deactivating autopickup; reactivate with Ctrl-A.
Something hits you but does no damage.
You miss something.
You hear some strange, mumbled words.
A puff of frost appears from out of thin air!
The puff of frost misses you. Something hits you but does no damage.
A magic dart appears from out of thin air!
The magic dart hits you!
You die...

#########o##.##.#
#......##..o....#
#......#####.####
#......# #.#
#......## #.#
#.......# #.#
#.......####.####
#.......#..(o{..#
######.##.##o##@#
#.##.##.##.#
#.##.#..##.#
#.##.#.###.#
#.##.#.###.#
#.##.#........######
##
#.........#.####...
.#
#....#.####.####.###
.#
#...##.##..........#
.#


You could see an orc wizard.

Vanquished Creatures
  An orc wizard (D:4)
  A centaur skeleton (D:4)
  An orc priest (D:4)
  Terence (D:3)
  The ghost of Vesto the Magician, a weakling OpWz (D:3)
  5 adders (D:2)
  An ooze (D:4)
  2 worms (D:3)
  2 dart slugs (D:1)
  3 orcs
  7 bats
  5 giant cockroaches
  8 goblins
  6 hobgoblins
  7 kobolds
  2 quokkas
  A ball python skeleton (D:4)
  7 frilled lizards
  A leopard gecko skeleton (D:3)
  9 rats
71 creatures vanquished.

Notes
Turn   | Place    | Note
-------+----------+-------------------------------------------
     0 | D:1      | Junicave the Gargoyle Earth Elementalist began the quest for the Orb.
     0 | D:1      | Reached XP level 1. HP: 10/10 MP: 3/3
   127 | D:1      | Reached XP level 2. HP: 8/15 MP: 5/5
   333 | D:1      | Reached skill level 4 in Earth Magic
   376 | D:1      | Found a glowing golden altar of the Shining One.
   589 | D:1      | Reached XP level 3. HP: 13/19 MP: 0/6
  1217 | D:2      | Learned a level 3 spell: Stone Arrow
  1378 | D:2      | Reached XP level 4. HP: 11/24 MP: 4/8
  2849 | D:3      | Noticed Vesto's ghost (weakling OpWz)
  2867 | D:3      | Noticed Terence
  3576 | D:3      | Killed Terence
  3576 | D:3      | Reached skill level 1 in Conjurations
  3576 | D:3      | Reached XP level 5. HP: 17/28 MP: 4/10
  3621 | D:3      | Killed Vesto's ghost
  3621 | D:3      | Reached skill level 1 in Armour
  4352 | D:4      | Reached skill level 1 in Maces & Flails
  4457 | D:4      | Reached XP level 6. HP: 32/33 MP: 11/11
  4462 | D:4      | Learned a level 3 spell: Conjure Flame
  4577 | D:4      | Reached skill level 1 in Fighting
  4589 | D:4      | Killed from afar by an orc wizard

Vault maps used:
D:1:      kennysheep_arrival_seaside, st_stairs_8, tso_metal_star
D:3:      first_bread, uniq_terence

Skill      XL: |  1  2  3  4  5  6 |
---------------+-------------------+-----
Earth Magic    | 4 |  4.6
Dodging        | 2 |  2.3
Spellcasting   | 3 |  3.8
Conjurations   | 1 |  1.6
Armour         | 1 |  1.5
Maces & Flails | 1 |  1.0
Fighting       | 1 |  1.2
Stealth        | |  2.1
Transmutations | |  0.7

Action                   |  1- 3 |  4- 6 || total
-------------------------+-------+-------++-------
Melee: Dagger            |    72 |     3 ||    75
       Mace              |       |   151 ||   151
 Cast: Sandblast         |    22 |    27 ||    49
       Stone Arrow       |       |     4 ||     4
       Conjure Flame     |       |     1 ||     1
 Stab: Sleeping          |       |     3 ||     3
  Eat: Chunk             |     2 |    10 ||    12
Armor: Robe              |    33 |    13 ||    46
       Leather armour    |       |    63 ||    63
Dodge: Dodged            |    74 |   123 ||   197
